 Dungeon Crawl Stone Soup version 0.30-a0-394-g3e4acdb0ae (webtiles) character file.

Game seed: 12224798436651850160

51 greasedhog the Trooper (level 3, -3/30 HPs)
             Began as a Merfolk Fighter on Dec 6, 2022.
             Slain by a gnoll
             ... wielding a +0 halberd
              (14 damage)
             ... on level 2 of the Dungeon.
             The game lasted 00:02:06 (1302 turns).

greasedhog the Trooper (Merfolk Fighter)            Turns: 1302, Time: 00:02:07

Health: -3/30      AC:  6    Str: 16    XL:     3   Next: 81%
Magic:  3/3        EV: 10    Int:  7    God:
Gold:   110        SH:  5    Dex: 15    Spells: 2/2 levels left

rFire   . . .      SeeInvis .    a - +0 long sword
rCold   . . .      Faith    .    c - +0 buckler
rNeg    . . .      Spirit   .    b - +0 scale mail
rPois   .          Reflect  .    (no helmet)
rElec   .          Harm     .    (no cloak)
rCorr   .          Rampage  .    (no gloves)
Will    .....                    (no boots)
Stlth   ..........               (no amulet)
HPRegen 0.25/turn                (no ring)
MPRegen 0.08/turn                (no ring)

@: no status effects
A: (nimble swimmer 2), mertail
a: no special abilities


You were on level 2 of the Dungeon.
You visited 1 branch of the dungeon, and saw 2 of its levels.

You collected 110 gold pieces.

Inventory:

Hand Weapons
 a - a +0 long sword (weapon)
Armour
 b - a +0 scale mail (worn)
 c - a +0 buckler (worn)
 f - a +0 ring mail
Wands
 k - a wand of iceblast (7)
Scrolls
 h - a scroll of brand weapon {unknown}
 i - 2 scrolls of teleportation {unknown}
 j - a scroll of identify
Potions
 d - a potion of might
 e - a potion of haste
 g - 2 potions of cancellation
 l - a potion of curing {unknown}


   Skills:
 + Level 3.7 Fighting
 * Level 3.5 Long Blades
 - Level 2.1 Armour
 * Level 2.5 Dodging
 - Level 3.0 Shields


You had 2 spell levels left.
You didn't know any spells.
Your spell library contained the following spells:

 Spells                   Type           Power      Damage    Failure   Level
 Apportation              Tloc           0%         N/A       92%         1
 Necrotise                Necr           0%         1d4       92%         1
 Summon Small Mammal      Summ           0%         N/A       92%         1


Dungeon Overview and Level Annotations

Branches:
Dungeon (2/15)

Altars:


Innate Abilities, Weirdness & Mutations

((You are very nimble when in or above water. (Stealth+, EV+, Speed+++)))
Your lower body shifts to a powerful aquatic tail in water.


Message History

The goblin shouts!
The goblin hits you with a +0 club.
You closely miss the goblin. The goblin hits you but does no damage.
You slash the goblin!
You kill the goblin!
No target in view!
No target in view!
You see here a +0 club.
A gnoll is nearby!
The gnoll shouts! x2; You hear a shout!
The gnoll throws a stone.
You block the stone.
The gnoll throws a stone.
You block the stone.
You see here a +0 club.
The gnoll throws a stone.
The stone hits you but does no damage.
Throw: throwing net
Press: ? - help, Q - select action, (/) - cycle Shift-Dir - straight line, f - gnoll
Aim: a gnoll, wielding a +0 halberd and quivering stones (63% to hit)
You throw a throwing net.
The throwing net closely misses the gnoll.
The throwing net closely misses the gnoll.
The throwing net hits the gnoll.
The gnoll is caught in the net!
The gnoll barely misses you.
The gnoll struggles against the net.
The gnoll struggles against the net.
You see here 3 stones.
The gnoll struggles against the net.
The net rips apart, and the gnoll comes free!
The gnoll shouts!
You slash the gnoll!
The gnoll is severely wounded.
The gnoll hits you with a +0 halberd! The gnoll barely misses you.
The gnoll hits you with a +0 halberd!
You hit the gnoll.
The gnoll is lightly wounded.
The gnoll hits you with a +0 whip. The gnoll barely misses you.
The gnoll hits you with a +0 whip.
You slash the gnoll!
The gnoll is severely wounded.
The gnoll hits you with a +0 halberd!
You die...

#.# #...##. ##.#
######.#########...g.
.#.## ..............
.g. ....#
######.#######
#.##.#..# #.#
#.......# #.#####
##......# #.g...#
######....#.#
##~.~~.# #gggg.....#
##~.~~..# #@####....#
##~~~P~~##
###(####.####
#.P~~~~~#
#.....###### #
#.~~♣~..#
#..........#
###.P~~~~.#
#.....####.#
~~#~~~~~..#
#.....##...#
~..~~♣.~#.#
#.....##.#####.#
~~~~♣P~##.#
########.......#
♣~♣♣~.P...# #.#####.#


You could see 4 gnolls.

Vanquished Creatures
  4 dart slugs
  2 ball pythons (D:1)
  6 bats
  3 endoplasms
  4 goblins
  A hobgoblin (D:1)
  8 jackals
  2 quokkas (D:2)
  2 frilled lizards
  4 kobolds
  3 rats
39 creatures vanquished.

Vanquished Creatures (others)
  44 plants (D:2)
44 creatures vanquished.

Grand Total: 83 creatures vanquished

Notes
Turn   | Place    | Note
-------+----------+-------------------------------------------
     0 | D:1      | greasedhog the Merfolk Fighter began the quest for the Orb.
     0 | D:1      | Reached XP level 1. HP: 18/18 MP: 1/1
   104 | D:1      | Reached skill level 1 in Dodging
   107 | D:1      | Reached XP level 2. HP: 18/24 MP: 2/2
   320 | D:1      | Reached XP level 3. HP: 20/29 MP: 3/3
   953 | D:2      | Found a faded altar of an unknown god.
  1302 | D:2      | Slain by a gnoll

Illustrated notes

Levels and vault maps discovered:
D:1:      minmay_arrival_wavy_path, layout_loops_ring
D:2:      layout_loops_cross, chequers_ecumenical_altar_grove,
          serial_bayou_lagoon_a, minmay_misc_feat_ornament

Skill      XL: |  1  2 |
---------------+-------+-----
Dodging        | 1 2 |  2.5
Long Blades    | 3 |  3.5
Fighting       | |  3.7
Armour         | |  2.1
Shields        | |  3.0

Action                   || total
-------------------------++-------
Melee: Long sword        ||   139
       Tailslap          ||     2
Throw: Throwing net      ||     1
  Use: Scroll            ||     2
Armor: Scale mail        ||    79
Dodge: Dodged            ||    87
Block: Buckler           ||    33

Table legend: (Time is in decaauts)
 A = Elapsed time spent in this place.
 B = Non-inter-level travel time spent in this place.
 C = Inter-level travel time spent in this place.
 D = Time resting spent in this place.
 E = Time spent auto-exploring this place.
 F = Levels seen in this place.
 G = Mean time per level.
                   A        B        C        D        E       F      G
               +--------+--------+--------+--------+--------+-----+--------+
         Total |   1328 |   1304 |     24 |     27 |    907 |   2 |  664.0 |
       Dungeon |   1328 |   1304 |     24 |     27 |    907 |   2 |  664.0 |
               +--------+--------+--------+--------+--------+-----+--------+

Top non-repeatable levels by time:
     D:1: 812 daAuts
     D:2: 515 daAuts
